 Dungeon Crawl Stone Soup version 0.31.0-9-g3a7656b989 (webtiles) character file.

Game seed: 15449258818075066162

14 qw the Shooter (level 2, -2/16 HPs)
             Began as a Deep Elf Hunter on Feb 2, 2024.
             Slain by a gnoll
             ... wielding a +0 whip
              (5 damage)
             ... on level 1 of the Dungeon.
             The game lasted 00:00:01 (455 turns).

qw the Shooter (Deep Elf Hunter)                     Turns: 455, Time: 00:00:02

Health: -2/16      AC:  3    Str:  8    XL:     2   Next: 31%
Magic:  4/4        EV: 12    Int: 13    God:
Gold:   9          SH:  0    Dex: 18    Spells: 1/1 levels left

rFire   . . .        a - +0 shortbow
rCold   . . .        (shield currently unavailable)
rNeg    . . .        c - +0 leather armour
rPois   .            (no helmet)
rElec   .            (no cloak)
rCorr   .            (no gloves)
SInv    .            (no boots)
Will    .....        (no amulet)
Stlth   ++           (no ring)
HPRegen 0.22/turn    (no ring)
MPRegen 0.09/turn

%: no passive effects
@: no status effects
A: no striking features
a: no special abilities


You were on level 1 of the Dungeon.
You visited 1 branch of the dungeon, and saw 1 of its levels.

You collected 9 gold pieces.


   Skills:
 - Level 1.5 Fighting
 + Level 6.1 Ranged Weapons
 - Level 2.4 Dodging
 - Level 1.2 Stealth


You had one spell level left.
You didn't know any spells.
Your spell library was empty.

Inventory:

Hand Weapons
 a - a +0 shortbow (weapon)
Armour
 c - a +0 leather armour (worn)
Scrolls
 b - a scroll of butterflies
 d - a scroll of blinking {unknown}
 g - a scroll of identify {unknown}
Potions
 e - 2 potions of might {unknown}
 f - a potion of mutation {unknown}

Dungeon Overview and Level Annotations

Branches:
Dungeon (1/15)

Altars:

Shops:
D:1 !


Message History

A kobold comes into view. It is wielding a +0 short sword.
The kobold shouts!
The kobold moves out of view.
You shoot an arrow. The arrow hits the kobold!
You kill the kobold!
There is an entrance to Orghohacy's Distillery here.
409 ||| SHOPLISTING 2 potions of curing (60 gold, have 9).
You can access your shopping list by pressing '$'.
409 ||| SHOPLISTING potion of curing (30 gold, have 9).
You can access your shopping list by pressing '$'.
409 ||| SHOPLISTING potion of enlightenment (50 gold, have 9).
You can access your shopping list by pressing '$'.
409 ||| SHOPLISTING potion of haste (100 gold, have 9).
You can access your shopping list by pressing '$'.
409 ||| SHOPLISTING potion of heal wounds (50 gold, have 9).
You can access your shopping list by pressing '$'.
409 ||| SHOPLISTING potion of mutation (80 gold, have 9).
You can access your shopping list by pressing '$'.
A gnoll comes into view. It is wielding a +0 whip.
The gnoll shouts!
You shoot an arrow. The arrow barely misses the gnoll.
You shoot an arrow. The arrow closely misses the gnoll.
A quokka comes into view.
You shoot an arrow. The arrow barely misses the gnoll.
You shoot an arrow. The arrow closely misses the gnoll.
The arrow barely misses the quokka.
You shoot an arrow. The arrow hits the gnoll.
The gnoll is lightly wounded.
The gnoll hits you with a +0 whip.
You shoot an arrow. The arrow barely misses the gnoll.
The arrow hits the quokka.
The quokka is heavily wounded.
The gnoll closely misses you.
You shoot an arrow. The arrow closely misses the gnoll.
The gnoll hits you with a +0 whip!
Ouch! That really hurt!
You shoot an arrow. The arrow barely misses the quokka.
The quokka bites you but does no damage.
The gnoll hits you with a +0 whip.
You die...

....##........#..........## #.#
....##........##....####..# #.#
....##........##....#####.## #.#
....##........##........#..# #.#
....##........##........##.####+#
######........##........##.##....
###########........##.##....
#........##..#....
#@.......###...... #rg......#
#...... #........###....##
#..............>##
.........#........
.........#........
.........#........
..........#........ #........


You could see a gnoll and a quokka.

Vanquished Creatures
  3 ball pythons (D:1)
  2 giant cockroaches (D:1)
  A hobgoblin (D:1)
  A quokka (D:1)
  3 bats (D:1)
  A goblin (D:1)
  3 kobolds (D:1)
  A rat (D:1)
15 creatures vanquished.

Notes
Turn   | Place    | Note
-------+----------+-------------------------------------------
     0 | D:1      | qw the Deep Elf Hunter began the quest for the Orb.
     0 | D:1      | Reached XP level 1. HP: 12/12 MP: 3/3
     0 | D:1      | 0 ||| qw: Version: 0.3-a-155-g5e7d8dd
     0 | D:1      | 0 ||| qw: Game counter: 2057
     0 | D:1      | 0 ||| qw: Melee chars always use a shield: true
     0 | D:1      | 0 ||| qw: God list: Okawaru
     0 | D:1      | 0 ||| qw: Allow faded altars: false
     0 | D:1      | 0 ||| qw: Do Orc after clearing Dungeon:15 true
     0 | D:1      | 0 ||| qw: Do second Lair branch before Depths: true
     0 | D:1      | 0 ||| qw: Lair rune preference: random
     0 | D:1      | 0 ||| qw: Goals: Normal
     0 | D:1      | 0 ||| PLANNING D:1-11
   110 | D:1      | Reached XP level 2. HP: 16/16 MP: 4/4
   132 | D:1      | Reached skill level 6 in Ranged Weapons
   374 | D:1      | Found a faded altar of an unknown god.
   402 | D:1      | Found Orghohacy's Distillery.
   409 | D:1      | 409 ||| SHOPLISTING 2 potions of curing (60 gold, have 9).
   409 | D:1      | 409 ||| SHOPLISTING potion of curing (30 gold, have 9).
   409 | D:1      | 409 ||| SHOPLISTING potion of enlightenment (50 gold, have
                  | 9).
   409 | D:1      | 409 ||| SHOPLISTING potion of haste (100 gold, have 9).
   409 | D:1      | 409 ||| SHOPLISTING potion of heal wounds (50 gold, have
                  | 9).
   409 | D:1      | 409 ||| SHOPLISTING potion of mutation (80 gold, have 9).
   454 | D:1      | HP: 2/16 [gnoll/+0 whip (8)]
   455 | D:1      | Slain by a gnoll

Levels and vault maps discovered:
D:1:      eino_arrival_cavern_b, layout_basic, basic_ecumenical_altar,
          serial_shops, shop

Skill      XL: |  1  2 |
---------------+-------+-----
Ranged Weapons | 6 |  6.1
Fighting       | |  1.5
Dodging        | |  2.4
Stealth        | |  1.2

Action                     || total
---------------------------++-------
   Fire: Shortbow          ||    36
 Armour: Leather armour    ||     7
  Dodge: Dodged            ||     3

Table legend:
 A = Non-vault XP
 B = Vault XP
 C = Vault XP percentage of total XP
 D = Non-vault monster count
 E = Vault monster count
 F = Vault count percentage of total count
                 A         B        C        D         E       F
            +---------+---------+-------+---------+---------+-------
      Total |      21 |       0 |   0.0 |      15 |       0 |   0.0
            +---------+---------+-------+---------+---------+-------
        D:1 |      21 |       0 |   0.0 |      15 |       0 |   0.0
            +---------+---------+-------+---------+---------+-------
